 Dungeon Crawl Stone Soup version 0.29-a0-997-gf6f7e2dfe7 (webtiles) character file.

Game seed: 3635968529936599201

124673 snetch the Tortoise (level 16, -2/149 HPs)
             Began as a Minotaur Berserker on Aug 2, 2022.
             Was a High Priest of Trog.
             Killed from afar by Nikola (58 damage)
             ... with an arc of chain lightning
             ... on level 1 of the Shoals on Aug 4, 2022.
             The game lasted 01:51:03 (30814 turns).

snetch the Tortoise (Minotaur Berserker)           Turns: 30814, Time: 01:51:04

Health: -2/149     AC: 37    Str: 32    XL:     16   Next: 39%
Magic:  0/5        EV:  7    Int:  9    God:    Trog [*****.]
Gold:   2637       SH: 16    Dex: 11    Spells: 15/15 levels left

rFire   + . .      SeeInvis .   a - +7 broad axe of Teintar {antimagic, rF+ Int+5}
rCold   + + .      Faith    .   n - +0 tower shield {rC+}
rNeg    . . .      Spirit   +   G - +3 crystal plate armour
rPois   +          Reflect  .   (helmet restricted)
rElec   .          Harm     .   V - +2 cloak
rCorr   +          Rampage  .   f - +0 pair of gloves
Will    +....                   q - +2 pair of boots
Stlth   ..........              Y - amulet of Polytheism {Spirit Drain rCorr Str+3 Slay+6}
HPRegen 0.34/turn               u - ring of flight
MPRegen 0.09/turn               o - ring of Xufuhaz {rPois rC+ Slay+4}

@: flying, studying Staves
A: horns 2, retaliatory headbutt
a: Renounce Religion, Berserk, Trog's Hand, Brothers in Arms


You were on level 1 of the Shoals.
You worshipped Trog.
Trog was extremely pleased with you.
You visited 6 branches of the dungeon, and saw 26 of its levels.
You also visited: Ice Cave.

You collected 3779 gold pieces.
You spent 1142 gold pieces at shops.

Inventory:

Hand Weapons
 a - the +7 broad axe of Teintar (weapon) {antimagic, rF+ Int+5}
   (You acquired it on level 10 of the Dungeon)

   It reduces the magical energy of the wielder, and disrupts the spells and
   magical abilities of those it strikes.
   Natural abilities and divine invocations are not affected.
   Int:       It affects your intelligence (+5).
   rF:        It protects you from fire.
 b - the +5 mace of Jahoo {spect, rC+ rCorr Str+3 Stlth+}
   (You found it on level 5 of the Dungeon)

   When its wielder attacks, the weapon's spirit leaps out and strikes again.
   The spirit shares a part of any damage it takes with its wielder.
   Str:       It affects your strength (+3).
   rC:        It protects you from cold.
   rCorr:     It protects you from acid and corrosion.
   Stlth:     It makes you more stealthy.
Missiles
 d - 111 stones
 s - 77 poisoned darts
 w - 18 boomerangs (quivered)
 K - 2 javelins
 N - 4 throwing nets
 W - 5 curare-tipped darts
Armour
 c - the +1 scale mail "Lonugh" {rElec}
   (You took it off a gnoll sergeant on level 6 of the Dungeon)

   rElec:     It insulates you from electricity.
 f - a +0 pair of gloves (worn)
 n - a +0 tower shield of cold resistance (worn)
 q - a +2 pair of boots (worn)
 G - a +3 crystal plate armour (worn)
 V - a +2 cloak (worn)
Jewellery
 l - the ring "Coleom" {Contam rElec Will+++ AC+4 Stlth+}
   (You found it in an ice cave)

   [ring of protection]

   AC:        It affects your AC (+4).
   rElec:     It insulates you from electricity.
   Contam:    It causes magical contamination when unequipped.
   Will:      It greatly increases your willpower.
   Stlth:     It makes you more stealthy.
 o - the ring of Xufuhaz (right hand) {rPois rC+ Slay+4}
   (You found it on level 4 of the Dungeon)

   [ring of protection from cold]

   Slay:      It affects your accuracy & damage with ranged weapons and melee
   (+4).
   rC:        It protects you from cold.
   rPois:     It protects you from poison.
 u - a ring of flight (left hand)
 F - a ring of see invisible
 M - the ring of Omuafamuh {rF+ rN+}
   (You found it on level 5 of the Dungeon)

   [ring of protection from fire]

   rF:        It protects you from fire.
   rN:        It protects you from negative energy.
 Y - the amulet of Polytheism (around neck) {Spirit Drain rCorr Str+3 Slay+6}
   (You took it off a gnoll on level 6 of the Dungeon)

   [amulet of guardian spirit]

   It causes incoming damage to be divided between your reserves of health and
   magic.
   Str:       It affects your strength (+3).
   Slay:      It affects your accuracy & damage with ranged weapons and melee
   (+6).
   rCorr:     It protects you from acid and corrosion.
   Drain:     It drains your maximum health when unequipped.
Wands
 I - a wand of polymorph (18)
 L - a wand of roots (8)
 O - a wand of acid (13)
 P - a wand of paralysis (11)
 Z - a wand of flame (38)
Scrolls
 e - 9 scrolls of teleportation
 m - a scroll of acquirement
 v - 8 scrolls of fear
 x - 5 scrolls of brand weapon
 y - 4 scrolls of poison
 z - 6 scrolls of immolation
 A - 4 scrolls of blinking
 B - 2 scrolls of silence
 C - 5 scrolls of enchant weapon
 E - 4 scrolls of fog
 H - 2 scrolls of vulnerability
 Q - 2 scrolls of summoning
 R - 9 scrolls of magic mapping
 X - a scroll of torment
Potions
 g - 10 potions of curing
 i - 5 potions of haste
 j - 5 potions of attraction
 p - 2 potions of resistance
 r - 2 potions of ambrosia
 D - 5 potions of heal wounds
 J - 5 potions of mutation
 S - 2 potions of lignification
 U - 4 potions of might
Miscellaneous
 h - a piece from Xom's chessboard (15/15)
 k - a phial of floods
 T - a condenser vane


   Skills:
 + Level 15.5 Fighting
 - Level 16.1(18.0) Axes
 - Level 13.0(16.3) Maces & Flails
 + Level 2.2(10.7) Polearms
 + Level 8.2 Throwing
 + Level 17.2 Armour
 + Level 8.4 Dodging
 + Level 5.0 Stealth
 + Level 11.8 Shields
 + Level 2.4 Evocations


You had 15 spell levels left.
You didn't know any spells.
Your spell library contained the following spells:

 Spells                   Type           Power      Damage    Failure   Level
 Foxfire                  Conj/Fire      0%         2x1d4     100%        1
 Freeze                   Ice            0%         1d3       100%        1
 Sandblast                Erth           0%         2d4       100%        1
 Passwall                 Tmut/Erth      0%         N/A       100%        2
 Poisonous Vapours        Pois/Air       0%         N/A       100%        2
 Sublimation of Blood     Necr           0%         N/A       100%        2
 Conjure Flame            Conj/Fire      0%         6-21      100%        3
 Frozen Ramparts          Ice            0%         1d8       100%        3
 Ignite Poison            Fire/Tmut/Pois 0%         N/A       100%        3
 Inner Flame              Hex/Fire       0%         N/A       100%        3
 Stone Arrow              Conj/Erth      0%         3d7       100%        3
 Corpse Rot               Necr/Pois/Air  0%         N/A       100%        4
 Flame Wave               Conj/Fire      0%         2d4       100%        4
 Hailstorm                Conj/Ice       0%         3d3       100%        4
 Petrify                  Tmut/Erth      0%         N/A       100%        4
 Sticky Flame             Conj/Fire      0%         2d3       100%        4
 Fireball                 Conj/Fire      0%         3d3       100%        5
 Irradiate                Conj/Tmut      0%         3d11      100%        5
 Iskenderun's Battlesphe  Conj           0%         2d6       100%        5
 Metabolic Englaciation   Hex/Ice        0%         N/A       100%        5
 Conjure Ball Lightning   Conj/Air       0%         3x3d6     100%        6
 Statue Form              Tmut/Erth      0%         N/A       100%        6
 Orb of Destruction       Conj           0%         9d5       100%        7
 Borgnjor's Revivificati  Necr           0%         N/A       100%        8
 Necromutation            Tmut/Necr      0%         N/A       100%        8
 Death's Door             Necr           0%         N/A       100%        9


Dungeon Overview and Level Annotations

Branches:
Dungeon (15/15)            Temple (1/1) D:6            Lair (5/5) D:11
 Shoals (2/4) Lair:2        Snake (0/4) Lair:3        Slime (0/5) Lair:5
    Orc (2/2) D:9             Elf (1/3) Orc:2        Vaults (0/5) D:13
 Depths (0/4) D:15          IceCv (visited)

Altars:
Ashenzari
Cheibriados
Dithmenos
Elyvilon
Fedhas
Gozag
Hepliaklqana
Kikubaaqudgha
Makhleb
Nemelex Xobeh
Okawaru
Qazlal
Ru
Sif Muna
Trog
Uskayaw
Vehumet
Wu Jian
Xom
Yredelemnul
Zin
The Shining One
Jiyva

Shops:
D:10 ?   D:15 :   Orc:2 ([!?

Portals:
Trove: D:11 (give +5 demon whip)

Annotations:
D:12 3 runed translucent doors, Pooter's ghost, journeyman MiMo
Shoals:1 Nikola
Shoals:2 2 transporters, exclusion: orange crystal statue


Innate Abilities, Weirdness & Mutations

You have a pair of horns on your head.
You reflexively headbutt those who attack you in melee.


Message History

There is a stone staircase leading up here.
The merfolk impaler shouts!
The merfolk siren shouts!
The merfolk avatar shouts!
The merfolk avatar shouts!
The merfolk impaler shouts!
There is a stone staircase leading up here.
You fly upwards.
Level annotation: Nikola
There is a stone staircase leading down here.
Nikola is nearby!
You throw a boomerang. The boomerang closely misses Nikola.
Nikola shouts!
You throw a boomerang. The boomerang barely misses Nikola.
Nikola gestures wildly while chanting.
Lightning arcs from Nikola's hands!
The bolt of lightning hits you!
You throw a boomerang. The boomerang hits Nikola.
Nikola is lightly wounded.
You throw a boomerang. The boomerang hits Nikola!!
Nikola is lightly wounded.
Throw: 19 boomerangs
Press: ? - help, Q - select action, (/) - cycle Shift-Dir - straight line, f/p - Nikola
Aim: Nikola, wielding a +0 rapier of electrocution, wearing a +0 cloak and wearing a +0 pair of gloves (lightly wounded, 77% to hit)
You throw a boomerang. The boomerang hits Nikola!!
Nikola is moderately wounded.
Throw: 19 boomerangs
Press: ? - help, Q - select action, (/) - cycle Shift-Dir - straight line, f/p - Nikola
Aim: Nikola, wielding a +0 rapier of electrocution, wearing a +0 cloak and wearing a +0 pair of gloves (moderately wounded, 77% to hit)
You throw a boomerang. The boomerang hits Nikola!!
Nikola is heavily wounded.
Throw: 18 boomerangs
Press: ? - help, Q - select action, (/) - cycle Shift-Dir - straight line, f/p - Nikola
Aim: Nikola, wielding a +0 rapier of electrocution, wearing a +0 cloak and wearing a +0 pair of gloves (heavily wounded, 77% to hit)
You throw a boomerang. The boomerang completely misses Nikola.
Nikola mumbles some strange words.
Lightning arcs from Nikola's hands!
The bolt of lightning hits you!!!
A bolt of lightning appears from out of thin air!
The bolt of lightning hits Nikola!
You hear a screech!
Nikola casts a spell.
Lightning arcs from Nikola's hands!
The bolt of lightning hits you!!!
You die...

############################
≈≈≈≈≈≈≈≈≈≈≈≈≈≈≈≈≈≈≈≈≈≈≈≈≈≈≈#
≈≈≈≈≈≈≈≈≈≈≈≈≈≈≈≈≈≈≈≈≈≈≈≈≈≈≈#
≈≈≈≈≈≈~~~~~~~~~~~≈≈≈≈≈≈≈≈≈≈#
≈≈≈≈≈~~~~.~~~~~~~~≈≈≈≈≈≈≈≈≈#
≈≈≈≈≈~~~.........~~≈≈≈≈≈≈≈≈#
≈≈≈≈≈~~.#.......@~~≈≈≈≈≈≈≈≈#
≈≈≈≈≈~~.##)..###.~~≈≈≈≈≈≈≈≈#
≈≈≈≈≈~~......###@~~≈≈≈≈≈≈≈≈#
≈≈≈≈≈≈~~....~...~~~≈≈≈≈≈≈≈≈#
≈≈≈≈≈≈≈~~~...÷~..~~~≈≈≈≈≈≈≈#
≈≈≈≈≈≈≈~~.~.......~~~≈≈≈≈≈≈#
≈≈≈≈≈≈~~~...#......~~~≈≈≈≈≈#
≈≈≈≈~~~~...###.....~~~~≈≈≈≈#
≈≈~~~~~~...###......~~~≈≈≈≈#


You could see Nikola.

Vanquished Creatures
  Saint Roka (Orc:2)
  A draconian knight (IceCv)
  Nessos (D:15)
  The ghost of Gyitair the Severer, a journeyman DDFi of Makhleb (Lair:2)
  5 white draconians (IceCv)
  A merfolk impaler (Shoals:1)
  2 fire dragons (D:15)
  4 hydras
  A vault guard (D:13)
  Harold (Lair:1)
  An ice dragon (Shoals:1)
  A catoblepas (D:15)
  A merfolk avatar (Shoals:1)
  6 boulder beetles
  2 ogre magi
  4 centaur warriors
  11 two-headed ogres
  A merfolk aquamancer (Shoals:1)
  A dancing weapon (Elf:1)
  2 tengu warriors (D:13)
  9 death yaks
  A deep elf knight (Elf:1)
  Nergalle (Orc:1)
  2 orc high priests
  Amaemon (Lair:1)
  Sonja (Orc:2)
  3 sea snakes (Shoals:1)
  A lindwurm (Lair:3)
  An orange crystal statue (IceCv)
  2 deep trolls
  3 deep elf archers (Elf:1)
  7 deep elf pyromancers
  7 harpies (Shoals:1)
  2 orc sorcerers
  2 fauns (Shoals:1)
  11 ugly things (D:14)
  7 deep elf zephyrmancers (Elf:1)
  5 manticores
  3 merfolk sirens
  5 cyclopes
  3 slime creatures (Lair:2)
  12 elephants
  2 black mambas
  Maurice (Orc:1)
  2 water nymphs
  13 cane toads
  4 storm dragon simulacra (IceCv)
  A torpor snail (Lair:4)
  An orange demon (Lair:1)
  2 rime drakes
  5 komodo dragons
  An unseen horror (D:6)
  3 kobold demonologists
  2 efreet
  3 golden dragon simulacra (IceCv)
  A tengu conjurer (D:15)
  4 polar bears (Lair:5)
  2 wind drakes
  13 trolls
  4 hornets (Lair:5)
  8 blink frogs (Lair:5)
  10 merfolk
  7 dream sheep
  4 snapping turtles
  5 water elementals
  13 spriggans (Lair:5)
  2 shadows
  A vampire (D:11)
  34 yaks
  3 fire bats
  5 steam dragons
  3 wraiths
  2 wyverns (Lair:3)
  10 humans (D:13)
  Eustachio (D:6)
  5 basilisks
  13 vampire mosquitoes
  Edmund (D:5)
  6 wargs
  3 nagas (Lair:3)
  An acid dragon (D:10)
  19 water moccasins
  2 ice beasts (D:6)
  33 orc warriors
  A sky beast (D:6)
  20 ogres
  9 black bears
  12 ice dragon simulacra (IceCv)
  5 boggarts (Lair:5)
  5 centaurs
  28 wolves
  5 kobold brigands
  Blork the orc (D:4)
  3 gnoll sergeants
  17 bullfrogs
  7 scorpions
  A necrophage (D:6)
  An earth elemental (Elf:1)
  A wight (D:6)
  17 killer bees
  2 lindwurm simulacra (IceCv)
  11 electric eels
  10 howler monkeys
  A hound (D:5)
  13 orc priests
  A gnoll bouda (D:6)
  4 jellies
  Ijyb (D:5)
  16 orc wizards
  5 iguanas
  7 hell rats (Lair:5)
  10 adders
  9 gnolls
  2 shadow imps
  A white imp (D:6)
  An ufetubus (D:5)
  4 dart slugs
  72 orcs
  7 endoplasms
  5 giant cockroaches
  5 goblins
  6 hobgoblins
  2 quokkas
  6 ball pythons
  8 bats
  A frilled lizard (D:2)
  17 kobolds
  3 rats
  3 bushes (D:2)
758 creatures vanquished.

Vanquished Creatures (collateral kills)
  An orc warlord (Orc:1)
  A two-headed ogre (Orc:2)
  The ghost of Tollund the Conjurer, a novice DrCj (D:6)
  A yak (D:12)
  2 vampire mosquitoes (D:12)
  3 orc warriors
  An ogre (Orc:2)
  A gnoll sergeant (D:6)
  3 gnolls (D:6)
  An orc (Orc:1)
15 creatures vanquished.

Vanquished Creatures (others)
  A deep elf pyromancer (Elf:1)
  A human (D:13)
  An adder (D:6)
  A fire vortex (Lair:2)
  22 fungi
  77 plants
103 creatures vanquished.

Grand Total: 876 creatures vanquished

Notes
Turn   | Place    | Note
-------+----------+-------------------------------------------
     0 | D:1      | snetch the Minotaur Berserker began the quest for the Orb.
     0 | D:1      | Reached XP level 1. HP: 19/19 MP: 0/0
    95 | D:2      | Identified the +11 spear of Pakkuxzono {vorpal, rCorr Str+4
                  | Int-4}
   105 | D:2      | Reached XP level 2. HP: 19/27 MP: 1/1
   773 | D:2      | Reached XP level 3. HP: 33/33 MP: 2/2
   826 | D:4      | Identified the ring of Xufuhaz {rPois rC+ Slay+4}
   838 | D:4      | Reached ** piety under Trog
   918 | D:4      | Noticed a scorpion
   922 | D:4      | Killed a scorpion
   923 | D:4      | Reached skill level 5 in Axes
   923 | D:4      | Reached skill level 3 in Armour
   923 | D:4      | Reached XP level 4. HP: 41/41 MP: 3/3
   926 | D:4      | Noticed a steam dragon
  1601 | D:2      | Reached XP level 5. HP: 47/47 MP: 4/4
  2617 | D:3      | Noticed a black bear
  2621 | D:3      | Killed a black bear
  2622 | D:3      | Reached skill level 5 in Fighting
  2622 | D:3      | Reached skill level 4 in Armour
  2622 | D:3      | Reached XP level 6. HP: 56/56 MP: 5/5
  2927 | D:4      | HP: 1/56 [steam dragon/ball of steam (24)]
  2928 | D:4      | Reached *** piety under Trog
  2931 | D:4      | Killed a steam dragon
  3205 | D:4      | Noticed Blork the orc
  3217 | D:4      | Killed Blork the orc
  3218 | D:4      | Reached XP level 7. HP: 43/61 MP: 6/6
  3344 | D:4      | Found an opulent altar of Gozag.
  3520 | D:5      | Entered Level 5 of the Dungeon
  3859 | D:5      | Identified the +5 mace of Jahoo {spect, rC+ rCorr Str+3
                  | Stlth+}
  3881 | D:5      | Noticed Edmund
  3882 | D:5      | Reached skill level 5 in Armour
  3891 | D:5      | Killed Edmund
  4077 | D:6      | Reached skill level 1 in Maces & Flails
  4077 | D:6      | Reached skill level 6 in Armour
  4084 | D:6      | Reached XP level 8. HP: 47/70 MP: 7/7
  4101 | D:6      | Noticed Eustachio
  4103 | D:6      | Noticed a cyclops
  4110 | D:6      | Reached skill level 1 in Stealth
  4112 | D:6      | Killed an unseen horror
  4113 | D:6      | Reached skill level 7 in Armour
  4418 | D:6      | Reached skill level 5 in Maces & Flails
  4422 | D:6      | Killed Eustachio
  4423 | D:6      | Reached skill level 8 in Armour
  4423 | D:6      | Reached XP level 9. HP: 60/78 MP: 8/8
  4489 | D:6      | Found a staircase to the Ecumenical Temple.
  4552 | D:5      | Noticed Ijyb
  4558 | D:5      | Killed Ijyb
  4842 | D:5      | Identified the ring of Omuafamuh {rF+ rN+}
  5174 | D:6      | Killed a cyclops
  5277 | D:6      | Reached skill level 9 in Armour
  5424 | D:6      | Identified the +1 scale mail "Lonugh" {rElec}
  5424 | D:6      | Identified the +0 buckler of the Centipede {Str+7}
  5467 | D:6      | Found a transporter.
  5477 | D:6      | Found a transporter.
  5477 | D:6      | Noticed Tollund's ghost (novice DrCj)
  5477 | D:6      | Identified the amulet of Polytheism {Spirit Drain rCorr
                  | Str+3 Slay+6}
  5522 | Temple   | Entered the Ecumenical Temple
  5895 | D:7      | Identified the +6 sling of Radicalism {speed, Fly rC+}
  5945 | D:7      | Reached **** piety under Trog
  6559 | D:6      | Reached XP level 10. HP: 38/86 MP: 9/9
  6566 | D:6      | Killed Tollund's ghost
  7380 | D:8      | Reached skill level 10 in Armour
  7385 | D:8      | Reached skill level 1 in Throwing
  7388 | D:8      | Reached skill level 5 in Dodging
  7931 | D:9      | Found a staircase to the Orcish Mines.
  8952 | D:9      | Reached skill level 1 in Shields
  9046 | D:10     | Entered Level 10 of the Dungeon
  9131 | D:9      | Reached skill level 11 in Armour
  9284 | D:9      | Reached skill level 10 in Maces & Flails
 10185 | D:10     | Found a basalt altar of Yredelemnul.
 10188 | D:10     | Found a blossoming altar of Fedhas.
 10189 | D:10     | Found a shimmering blue altar of Sif Muna.
 10189 | D:10     | Found a burning altar of Makhleb.
 10189 | D:10     | Found a hide-covered altar of Uskayaw.
 10190 | D:10     | Found a sparkling altar of Nemelex Xobeh.
 10192 | D:10     | Found a glowing silver altar of Zin.
 10193 | D:10     | Found an iron altar of Okawaru.
 10288 | D:10     | You fall into a shaft and drop 3 floors!
 10291 | D:13     | Noticed a two-headed ogre
 10297 | D:13     | Killed a two-headed ogre
 10298 | D:13     | Reached XP level 11. HP: 95/95 MP: 10/10
 10323 | D:13     | Noticed a centaur warrior
 10329 | D:13     | Killed a centaur warrior
 10332 | D:13     | HP: 2/95 [efreet/+3 scimitar of flaming (3)]
 10675 | D:12     | Found a transporter.
 10677 | D:12     | Noticed a two-headed ogre
 10679 | D:12     | Killed a two-headed ogre
 10680 | D:12     | Reached skill level 12 in Armour
 10756 | D:12     | Found a transporter.
 12042 | D:10     | Found Oguin's Magic Scroll Shoppe.
 12045 | D:10     | Bought a scroll of fog for 48 gold pieces
 12045 | D:10     | Bought a scroll of teleportation for 36 gold pieces
 12045 | D:10     | Bought a scroll of immolation for 48 gold pieces
 12045 | D:10     | Bought a scroll of magic mapping for 90 gold pieces
 12045 | D:10     | Bought a scroll of identify for 24 gold pieces
 12052 | D:10     | Identified a scroll of acquirement
 12059 | D:10     | Bought a scroll of summoning for 114 gold pieces
 12192 | D:10     | Reached ***** piety under Trog
 12321 | D:10     | Reached skill level 13 in Armour
 12324 | D:10     | Reached skill level 1 in Polearms
 12433 | D:10     | Acquired the +7 broad axe of Teintar {antimagic, rF+ Int+5}
 12663 | D:11     | Noticed a two-headed ogre
 12668 | D:11     | Killed a two-headed ogre
 12669 | D:11     | Reached XP level 12. HP: 90/106 MP: 9/11
 12675 | D:11     | Found a portal to a secret trove of treasure.
 12882 | D:11     | Found a staircase to the Lair.
 12999 | D:11     | Noticed a boulder beetle
 13015 | D:11     | Killed a boulder beetle
 13016 | D:11     | Reached skill level 10 in Fighting
 13083 | D:11     | Found a glowing silver altar of Zin.
 13300 | D:12     | Received a gift from Trog
 13488 | D:12     | Found a runed translucent gate.
 13488 | D:12     | Found a runed translucent gate.
 13488 | D:12     | Found a runed translucent gate.
 13493 | D:12     | Noticed Pooter's ghost (journeyman MiMo)
 13579 | D:12     | Reached skill level 1 in Evocations
 14643 | D:13     | Noticed a tengu warrior
 14644 | D:13     | Noticed a tengu warrior
 14660 | D:13     | Killed a tengu warrior
 14665 | D:13     | Killed a tengu warrior
 14849 | D:14     | Reached skill level 14 in Armour
 15197 | D:13     | Noticed a centaur warrior
 15204 | D:13     | Killed a centaur warrior
 15467 | D:14     | Reached skill level 5 in Throwing
 15471 | D:14     | Noticed a boulder beetle
 15509 | D:14     | Killed a boulder beetle
 15656 | D:13     | Noticed a vault guard
 15673 | D:13     | Killed a vault guard
 15684 | D:13     | Reached XP level 13. HP: 101/116 MP: 9/12
 15702 | D:13     | Found a gate to the Vaults.
 15753 | D:13     | Identified the +5 broad axe "Aqumez" {holy, SInv}
 16216 | Lair:1   | Entered Level 1 of the Lair of Beasts
 16274 | Lair:1   | Reached skill level 5 in Shields
 16329 | Lair:2   | Reached skill level 15 in Armour
 16591 | Lair:1   | Noticed Harold
 16596 | Lair:1   | Noticed Amaemon
 16600 | Lair:1   | Killed Harold
 16604 | Lair:1   | Killed Amaemon
 16857 | Lair:2   | Received a gift from Trog
 17626 | Lair:1   | Upgraded the game from 0.29-a0-993-g4a18f31a58 to
                  | 0.29-a0-994-gc5c9f59d18
 17795 | Lair:2   | Found a staircase to the Shoals.
 17861 | Lair:2   | Found a runed translucent gate.
 17864 | Lair:2   | Found a runed translucent gate.
 17869 | Lair:2   | Found a runed translucent gate.
 17869 | Lair:2   | Noticed Gyitair's ghost (journeyman DDFi)
 18749 | Lair:2   | Found a viscous altar of Jiyva.
 18771 | Lair:2   | Reached skill level 10 in Axes
 18774 | Lair:2   | Killed Gyitair's ghost
 19222 | Lair:3   | Reached XP level 14. HP: 36/127 MP: 1/13
 19854 | Lair:3   | Found a staircase to the Snake Pit.
 20165 | Lair:4   | Received a gift from Trog
 20463 | Lair:5   | Entered Level 5 of the Lair of Beasts
 20517 | Lair:4   | You fall into a shaft and drop 1 floor!
 20769 | Lair:5   | Found a viscous altar of Jiyva.
 20770 | Lair:5   | Found a staircase to the Slime Pits.
 21821 | Lair:5   | Reached skill level 5 in Stealth
 21823 | Lair:5   | Received a gift from Trog
 23103 | Orc:1    | Entered Level 1 of the Orcish Mines
 23103 | Orc:1    | Noticed Maurice
 23103 | Orc:1    | Noticed an orc warlord
 23113 | Orc:1    | Killed an orc warlord
 23116 | Orc:1    | Killed Maurice
 23265 | Orc:2    | Entered Level 2 of the Orcish Mines
 23265 | Orc:2    | Found a staircase to the Elven Halls.
 23345 | Orc:1    | Noticed Nergalle
 23356 | Orc:1    | Killed Nergalle
 23817 | Orc:1    | Reached XP level 15. HP: 46/136 MP: 1/14
 24140 | Orc:2    | Noticed Sonja
 24152 | Orc:2    | Reached skill level 15 in Axes
 24152 | Orc:2    | Killed Sonja
 24160 | Orc:2    | Noticed Saint Roka
 24819 | Orc:2    | Killed Saint Roka
 24939 | Orc:2    | Received a gift from Trog
 25106 | Orc:2    | Found Ihoot's Antique Armour Shoppe.
 25111 | Orc:2    | Found Wicyxt's Magic Scroll Boutique.
 25116 | Orc:2    | Found Plog's Weapon Emporium.
 25117 | Orc:2    | Found Vyngug's Distillery.
 25119 | Orc:2    | Bought a scroll of enchant weapon for 90 gold pieces
 25119 | Orc:2    | Bought a scroll of amnesia for 48 gold pieces
 25119 | Orc:2    | Bought a scroll of identify for 24 gold pieces
 25124 | Orc:2    | Bought a scroll of brand weapon for 114 gold pieces
 25124 | Orc:2    | Bought a scroll of blinking for 90 gold pieces
 25130 | Orc:2    | Bought a potion of ambrosia for 128 gold pieces
 25130 | Orc:2    | Bought a potion of berserk rage for 80 gold pieces
 25130 | Orc:2    | Bought a potion of flight for 48 gold pieces
 25130 | Orc:2    | Bought a potion of haste for 160 gold pieces
 25445 | Elf:1    | Entered Level 1 of the Elven Halls
 25465 | Elf:1    | Reached skill level 16 in Armour
 25605 | Elf:1    | Found a radiant altar of Vehumet.
 26250 | D:14     | Reached skill level 10 in Shields
 26528 | D:14     | Received a gift from Trog
 26593 | D:14     | Identified the +0 leather armour of Galont {rC++ rN+}
 26840 | D:15     | Entered Level 15 of the Dungeon
 27239 | D:15     | Found a sacrificial altar of Ru.
 27505 | D:15     | Found a staircase to the Depths.
 27534 | D:15     | Found Haiqaluss's Book Emporium.
 27784 | D:15     | Noticed Nessos
 27792 | D:15     | Killed Nessos
 28437 | Lair:2   | Upgraded the game from 0.29-a0-994-gc5c9f59d18 to
                  | 0.29-a0-997-gf6f7e2dfe7
 28440 | Shoals:1 | Entered Level 1 of the Shoals
 28483 | Shoals:1 | Reached XP level 16. HP: 43/147 MP: 2/15
 28568 | Shoals:1 | Reached skill level 15 in Fighting
 28580 | Shoals:1 | Found a frozen archway.
 28602 | IceCv    | Entered an ice cave
 29737 | IceCv    | Reached skill level 17 in Armour
 29739 | IceCv    | Received a gift from Trog
 29785 | IceCv    | Found the ring of Shadows {Umbra +Inv Stlth+}
 29796 | IceCv    | Identified the ring "Coleom" {Contam rElec Will+++ AC+4
                  | Stlth+}
 29803 | IceCv    | Identified the amulet of Autumn {RegenMP Dex+3 Stlth+}
 30637 | Shoals:1 | Noticed Nikola
 30644 | Shoals:2 | Found a transporter.
 30644 | Shoals:2 | Found a transporter.
 30644 | Shoals:2 | Identified the +7 battleaxe "Toteat" {freeze, rPois rC++
                  | Dex+2}
 30814 | Shoals:1 | Killed from afar by Nikola

Illustrated notes

Levels and vault maps discovered:
D:1:      eino_arrival_cavern_b, layout_rooms
D:2:      layout_loops_corners, serial_forest, infiniplex_forest_lined_room_2,
          infiniplex_forest_clump_small, infiniplex_forest_end_double,
          infiniplex_forest_lined_2, infiniplex_forest_straight_2,
          infiniplex_forest_straight_2, infiniplex_forest_straight_1,
          infiniplex_forest_clump_cross
D:3:      layout_loops_cross, st_stairs_4
D:4:      layout_cave_pools, mainiacjoe_overflow_brackets, uniq_blork_the_orc
D:5:      layout_basic, uniq_edmund, uniq_ijyb
D:6:      cheibrodos_fzero, layout_rooms, minmay_temple_entry_waves,
          gammafunk_ghost_gnarly_gnolls, uniq_eustachio
D:7:      layout_basic
D:8:      layout_loops_corners, serial_bayou_lagoon_b
D:9:      layout_layer_cave, david_orc_5, patterned_corridor
D:10:     layout_grid_maze, minitemple, serial_shops, kennysheep_mini,
          lemuel_old_faithful
D:11:     layout_gridville, grunt_lair_entry_orc_guard_hut,
          nicolae_trove_entry_crossroad, minmay_misc_feat_iff, zin_treasury
D:12:     layout_roguey, serial_aquarium, aquarium_bridge_long_separate
          [aquarium_subvault_window, aquarium_subvault_bridge,
          aquarium_subvault_window, aquarium_subvault_bridge,
          aquarium_subvault_bridge, aquarium_subvault_bridge],
          aquarium_bridge_square [aquarium_subvault_balcony,
          aquarium_subvault_bridge, aquarium_subvault_bridge,
          aquarium_subvault_window], aquarium_window_fake, aquarium_window_1,
          aquarium_window_1, aquarium_view_2e, aquarium_view_2e,
          aquarium_pool_S, gammafunk_ghost_spectres, nicolae_diode_stairs
D:13:     layout_basic, ximxim_vaults_locker_room
D:14:     layout_basic, dk_noncrumbling_3, st_stairs_7
D:15:     grunt_enter_depths_hoard, layout_long_grid, serial_shops,
          nicolae_shop_temple_entry_statues_fountains, nicolae_ru_awakened_eye,
          serial_bayou_lagoon_a, uniq_nessos
Temple:   hellmonk_temple_forest_ring
Lair:1:   layout_loops_ring, grunt_megastairs_3, uniq_harold, uniq_amaemon
Lair:2:   layout_gridlike, elwin_shoals_entry_rooms, gammafunk_ghost_ooze,
          beast_lair_carwin_6
Lair:3:   layout_big_grid, minmay_snake_entry_guardpost_small,
          serial_bayou_shore_a, grunt_megastairs_2
Lair:4:   wander_river, layout_layer_cave
Lair:5:   minmay_lair_end_enchanted_forest, layout_cave_shapes, slime_entry_1
Shoals:1: layout_shoals, portal_ice_cave_entry_dragon, uniq_nikola
Shoals:2: gammafunk_sealed_arena, layout_shoals,
          nicolae_shoals_kraken_intersection
Orc:1:    minmay_goldmine, layout_caves, basic_altar, kennysheep_orc_chapel,
          uniq_nergalle, uniq_maurice
Orc:2:    st_orc_open, layout_caves, uniq_sonja, uniq_saint_roka
Elf:1:    eino_elf_arrival_altar, layout_loops_cross, serial_shops,
          nicolae_shop_stone, nicolae_take_the_stairs, shop,
          nicolae_shop_statue_plus, uniq_donald

Skill      XL: |  1  2  3  4  5  6  7  8  9 10 11 12 13 14 15 16 |
---------------+-------------------------------------------------+-----
Axes           | 4 5 6 7 8 11 14 16 | 16.1
Fighting       | 4 5 6 7 8 9 11 12 13 14 15 | 15.5
Armour         | 3 4 6 8 9 11 13 14 15 16 17 | 17.2
Dodging        | 3 4 5 6 7 8 |  8.4
Maces & Flails | 1 5 8 10 11 13 | 13.0
Stealth        | 1 2 3 4 5 |  5.0
Throwing       | 3 4 5 8 |  8.2
Shields        | 1 3 4 7 8 10 11 | 11.8
Polearms       | 1 2 |  2.2
Evocations     | 1 2 |  2.4

Action                   |  1- 3 |  4- 6 |  7- 9 | 10-12 | 13-15 | 16-18 || total
-------------------------+-------+-------+-------+-------+-------+-------++-------
Melee: Hand axe          |    61 |   160 |     3 |       |       |       ||   224
       Headbutt          |     8 |    45 |    21 |    78 |   176 |    57 ||   385
       Mace              |       |       |   111 |   373 |    72 |    95 ||   651
       Punch             |       |       |     1 |       |       |       ||     1
       Spear             |       |       |       |     5 |       |       ||     5
       Broad axe         |       |       |       |       |   606 |    74 ||   680
       Scimitar          |       |       |       |       |     8 |       ||     8
Throw: Dart              |       |       |     4 |    42 |    12 |       ||    58
       Stone             |       |       |       |     4 |    59 |       ||    63
       Boomerang         |       |       |       |       |    79 |    19 ||    98
Invok: Berserk           |     1 |     1 |     2 |     1 |     4 |     2 ||    11
       Trog's Hand       |       |       |     2 |     3 |     5 |     3 ||    13
       Brothers in Arms  |       |       |     1 |     1 |     3 |       ||     5
Evoke: Phial of floods   |       |       |       |     1 |       |       ||     1
       Piece from Xom's  |       |       |       |     7 |       |       ||     7
       Wand              |       |       |       |     1 |     1 |    18 ||    20
  Use: Potion            |       |     2 |       |     1 |     1 |       ||     4
       Scroll            |       |       |       |    13 |    10 |       ||    23
 Stab: Distracted        |       |       |     3 |     3 |     1 |       ||     7
       Sleeping          |       |       |       |     2 |     1 |       ||     3
Armor: Animal skin       |     4 |       |       |       |       |       ||     4
       Ring mail         |    15 |       |       |       |       |       ||    15
       Scale mail        |     5 |    38 |       |    40 |   275 |       ||   358
       Chain mail        |       |       |    35 |       |       |       ||    35
       Crystal plate arm |       |       |    47 |   120 |   142 |   126 ||   435
Dodge: Dodged            |    33 |    36 |    45 |   135 |   297 |    36 ||   582
Block: Buckler           |       |       |     5 |    35 |       |       ||    40
       Kite shield       |       |       |       |    33 |   464 |    79 ||   576
       Tower shield      |       |       |       |       |       |    40 ||    40

Table legend: (Time is in decaauts)
 A = Elapsed time spent in this place.
 B = Non-inter-level travel time spent in this place.
 C = Inter-level travel time spent in this place.
 D = Time resting spent in this place.
 E = Time spent auto-exploring this place.
 F = Levels seen in this place.
 G = Mean time per level.
                   A        B        C        D        E       F      G
               +--------+--------+--------+--------+--------+-----+--------+
         Total |  30960 |  28800 |   2160 |   1892 |  19428 |  27 | 1146.7 |
       Dungeon |  18441 |  16975 |   1466 |    907 |  11826 |  15 | 1229.4 |
        Temple |    161 |    148 |     13 |      0 |    138 |   1 |  161.0 |
          Lair |   7006 |   6476 |    530 |    167 |   4642 |   5 | 1401.2 |
        Shoals |    906 |    904 |      2 |    233 |    190 |   2 |  453.0 |
  Orcish Mines |   2447 |   2316 |    131 |    565 |   1206 |   2 | 1223.5 |
   Elven Halls |    536 |    519 |     17 |     13 |    299 |   1 |  536.0 |
      Ice Cave |   1459 |   1459 |      0 |      6 |   1125 |   1 | 1459.0 |
               +--------+--------+--------+--------+--------+-----+--------+

Top non-repeatable levels by time:
     D:9: 1976 daAuts
     D:8: 1907 daAuts
    D:13: 1809 daAuts
  Lair:5: 1680 daAuts
   Orc:1: 1564 daAuts
    D:12: 1491 daAuts
  Lair:1: 1481 daAuts
   IceCv: 1459 daAuts
  Lair:3: 1404 daAuts
    D:14: 1401 daAuts
     D:3: 1373 daAuts
  Lair:2: 1262 daAuts
  Lair:4: 1178 daAuts
     D:5: 1164 daAuts
    D:10: 1141 daAuts
